 Dungeon Crawl Stone Soup version 0.19.1 (webtiles) character file.

39 equalderp2856 the Scratcher (level 3, 0/17 HPs)
             Began as a Felid Fighter on Nov 24, 2016.
             Slain by an adder (4 damage)
             ... on level 1 of the Dungeon.
             The game lasted 00:03:35 (1205 turns).

equalderp2856 the Scratcher (Felid Fighter)         Turns: 1205, Time: 00:03:36

Health: 0/17       AC:  1    Str: 13    XL:     3   Next: 26%
Magic:  4/4        EV: 19    Int:  6    God:
Gold:   52         SH:  0    Dex: 15    Spells: 0 memorised, 2 levels left
                                        Lives:  0   Deaths: 0

rFire  . . .     SeeInvis +       - Unarmed
rCold  . . .     Gourm    .     (armour unavailable)
rNeg   . . .     Faith    .     (shield unavailable)
rPois  .         Spirit   .     (helmet unavailable)
rElec  .         Reflect  .     (cloak unavailable)
rCorr  .         Harm     .     (gloves unavailable)
MR     .....                    (boots unavailable)
Stlth  +++.......               (no amulet)
                                f - ring of stealth
                                h - -3 ring of intelligence (curse)

@: quick
A: no armour, no weapons or thrown items, stealth, claws 1, fangs 3, see
invisible, carnivore 3, speed 1, shaggy fur 1, slow metabolism 1, sharp paws
a: no special abilities


You were on level 1 of the Dungeon.
You were completely stuffed.

You visited 1 branch of the dungeon, and saw 2 of its levels.

You collected 52 gold pieces.

Inventory:

Jewellery
 d - an uncursed ring of protection from fire
 f - a ring of stealth (right paw)
 h - a cursed -3 ring of intelligence (left paw)
Scrolls
 e - a scroll of identify
Potions
 a - a potion of might
 i - a potion of degeneration
 j - a potion of beneficial mutation {unknown}
Comestibles
 b - 3 meat rations
 c - 2 bread rations


   Skills:
 + Level 3.2 Fighting
 + Level 4.2 Dodging
 + Level 1.5 Stealth
 + Level 4.6 Unarmed Combat


You had 2 spell levels left.
You didn't know any spells.

Dungeon Overview and Level Annotations

Branches:
Dungeon (2/15)

Altars:


Innate Abilities, Weirdness & Mutations

You cannot wear armour.
You are incapable of wielding weapons or throwing items.
Your paws allow you to move quietly. (Stealth)
You have sharp claws.
You have razor-sharp teeth.
You have supernaturally acute eyesight. (SInv)
You are carnivorous and can eat meat at any time.
You cover ground quickly.
You are covered in fur. (AC +1)
You have a slow metabolism.
Your sharp claws are effective at attacking unaware monsters.


Message History

You scratch the kobold but do no damage.
The kobold misses you.
You scratch the kobold but do no damage.
Your bite misses the kobold. The kobold hits you with a club.
* * * LOW HITPOINT WARNING * * *
You closely miss the kobold. The kobold hits you with a club.
* * * LOW HITPOINT WARNING * * *
The adder misses you.
You see here a rat skeleton.
You see here a kobold corpse.
There is a stone staircase leading up here.
You scratch the adder.
The adder is lightly wounded.
The adder closely misses you. The adder bites you.
* * * LOW HITPOINT WARNING * * *
The adder completely misses you.
You climb upwards.
There is a stone staircase leading down here.
The adder bites you.
You die...

#........................
#.........##.............
######....##...#.#####...
#....##...#.# ##.##
#.....####..# #..#
#......# #.## #.###
#....#.###.### #.##.
###)##.......###.##.
##@######.#.##..##. #.S#
#.#.##.###. #.##
#.#........ #.#
##....)..##.
#.######......#..#.
#.#........##.##.#.
##.#..>.....##.##.##
#..#.........(.##...
#.##.......###....##


You could see an adder.

Vanquished Creatures
  2 dart slugs (D:1)
  A leopard gecko (D:1)
  2 goblins (D:1)
  7 hobgoblins (D:1)
  4 jackals (D:2)
  A quokka (D:2)
  4 bats (D:1)
  3 frilled lizards (D:1)
  4 kobolds
  3 rats
31 creatures vanquished.

Notes
Turn   | Place    | Note
-------+----------+-------------------------------------------
     0 | D:1      | equalderp2856 the Felid Fighter began the quest for the Orb.
     0 | D:1      | Reached XP level 1. HP: 10/10 MP: 2/2
   355 | D:1      | Reached XP level 2. HP: 14/14 MP: 3/3
   930 | D:1      | Reached XP level 3. HP: 17/17 MP: 4/4
   935 | D:1      | Reached skill level 1 in Stealth
  1205 | D:1      | Slain by an adder

Skill      XL: |  1  2  3 |
---------------+----------+-----
Stealth        | 1 |  1.5
Fighting       | |  3.2
Dodging        | |  4.2
Unarmed Combat | |  4.6

Action                   || total
-------------------------++-------
Melee: Unarmed           ||    86
       Bite              ||     9
       Punch             ||     1
  Use: Scroll            ||     3
 Stab: Sleeping          ||     6
  Eat: Chunk             ||     8
Armor: Skin              ||     2
Dodge: Dodged            ||    67
